 Dungeon Crawl Stone Soup version 0.29.1-2-gbd0b4ee654 (webtiles) character file.

Game seed: 3569388444135612925

1752 HolyTactitian the Spear-Bearer (level 8, 0/109 HPs)
             Began as a Minotaur Berserker on Nov 6, 2022.
             Was a Priest of Trog.
             Slain by an orc wizard
             ... wielding a +2 dagger of speed
              (3 damage)
             ... on level 6 of the Dungeon.
             The game lasted 00:46:16 (4508 turns).

HolyTactitian the Spear-Bearer (Minotaur Berserker) Turns: 4508, Time: 00:46:17

Health: 0/109      AC:  9    Str: 24    XL:     8   Next: 78%
Magic:  7/7        EV: 12    Int:  4    God:    Trog [***...]
Gold:   301        SH:  0    Dex: 10    Spells: 7/7 levels left

rFire   + . .      SeeInvis .   C - +1 whip (flame)
rCold   . . .      Faith    .   (no shield)
rNeg    + . .      Spirit   .   e - +2 ring mail {rF+}
rPois   .          Reflect  .   (helmet restricted)
rElec   .          Harm     .   (no cloak)
rCorr   .          Rampage  .   B - +0 pair of gloves
Will    .....                   (no boots)
Stlth   ..........              m - amulet of regeneration
HPRegen 1.08/turn               k - ring of flight
MPRegen 0.10/turn               p - ring of positive energy

@: berserking, flying, very quick
A: horns 2, retaliatory headbutt
a: Renounce Religion, Berserk, Trog's Hand


You were on level 6 of the Dungeon.
You worshipped Trog.
Trog was most pleased with you.
You visited 2 branches of the dungeon, and saw 7 of its levels.

You collected 301 gold pieces.

Inventory:

Hand Weapons
 a - a +1 spear
 d - a +0 whip
 i - a +0 battleaxe
 y - a +0 giant club
 C - a +1 whip of flaming (weapon)
 D - a +1 falchion of distortion
 E - a +2 shortbow of flaming
Missiles
 c - 14 poisoned darts (quivered)
 h - 9 stones
 r - 5 atropa-tipped darts
Armour
 b - a +0 animal skin
 e - a +2 ring mail of fire resistance (worn)
 B - a +0 pair of gloves (worn)
Jewellery
 g - a ring of protection from fire
 k - a ring of flight (left hand)
 m - an amulet of regeneration (around neck)
 p - a ring of positive energy (right hand)
Scrolls
 o - a scroll of blinking
 F - a scroll of teleportation {unknown}
Potions
 f - a potion of resistance {unknown}
 j - 2 potions of degeneration {unknown}
 l - a potion of curing
 n - 4 potions of haste
 q - a potion of brilliance {unknown}
 t - a potion of invisibility {unknown}
 v - a potion of might {unknown}
 x - a potion of attraction {unknown}
 z - a potion of cancellation {unknown}
 A - a potion of lignification {unknown}
 G - a potion of ambrosia {unknown}


   Skills:
 + Level 7.1 Fighting
 + Level 3.7 Maces & Flails
 + Level 8.0 Polearms
 + Level 7.2 Armour
 + Level 5.2 Dodging
 + Level 1.3 Stealth


You had 7 spell levels left.
You didn't know any spells.
Your spell library contained the following spells:

 Spells                   Type           Power      Damage    Failure   Level
 Slow                     Hex            0%         N/A       63%         1
 Sting                    Tmut/Pois      0%         1d3       63%         1
 Poisonous Vapours        Pois/Air       0%         N/A       77%         2
 Sublimation of Blood     Necr           0%         N/A       77%         2
 Confusing Touch          Hex            0%         N/A       94%         3
 Vampiric Draining        Necr           0%         2d6       94%         3
 Airstrike                Air            0%         2d(0-16)  100%        4
 Olgreb's Toxic Radiance  Pois           0%         N/A       100%        4
 Petrify                  Tmut/Erth      0%         N/A       100%        4
 Summon Lightning Spire   Summ/Air       0%         N/A       100%        4
 Irradiate                Conj/Tmut      0%         3d11      100%        5
 Lightning Bolt           Conj/Air       0%         1d11      100%        5


Dungeon Overview and Level Annotations

Branches:
Dungeon (6/15)             Temple (1/1) D:4

Altars:
Ashenzari
Elyvilon
Makhleb
Nemelex Xobeh
Sif Muna
Trog
Zin

Shops:
D:1 [


Innate Abilities, Weirdness & Mutations

You have a pair of horns on your head.
You reflexively headbutt those who attack you in melee.


Message History

The magic dart hits you but does no damage.
Something hits you but does no damage.
You bump into the rock wall.
The black bear bites you.
* * * LOW HITPOINT WARNING * * *
The black bear claws you but does no damage. x2
An orc wizard appears from thin air!
Reactivating autopickup.
The orc wizard gestures wildly while chanting.
The orc wizard flickers and vanishes!
Deactivating autopickup; reactivate with Ctrl-A.
You're too confused to move!
You feel less confused. The black bear barely misses you.
The black bear claws you.
* * * LOW HITPOINT WARNING * * *
The black bear claws you.
* * * LOW HITPOINT WARNING * * *
You hit the black bear. You burn the black bear.
The black bear is moderately wounded.
The black bear barely misses you. The black bear claws you.
* * * LOW HITPOINT WARNING * * *
The black bear closely misses you.
You hit the black bear. You burn the black bear. You headbutt the black bear.
The black bear is severely wounded.
The black bear goes berserk!
You hit the black bear. You burn the black bear.
You kill the black bear!
Trog accepts your kill.
You closely miss something.
You hear some strange, mumbled words.
A magic dart appears from out of thin air!
The magic dart hits you.
* * * LOW HITPOINT WARNING * * *
You hit something. You burn something.
You hear some strange, mumbled words.
A magic dart appears from out of thin air!
The magic dart hits you.
* * * LOW HITPOINT WARNING * * *
A red film seems to cover your vision as you go berserk!
You feel yourself moving faster!
You feel mighty! Something hits you.
You die...

####.#### #. #..)....#
####. #.##.##.# ..#.
#.##)##.##### #..
#....))...... #.##
#.##.##.##..#
#.###.##.##.#
#...........# .. #
##@{#..####### .# .#
##.#.#..# ..
.###.......# . #.
##...###.#.##
..##.##...###..#.# #
##...............#
#.#.
#......###.#######
...###..)#............
#..#..))#.###..##.###


There were no monsters in sight!

Vanquished Creatures
  Pikel (D:5)
  A black bear (D:6)
  A centaur (D:5)
  4 ogres
  A phantom (D:5)
  A necrophage (D:5)
  A bullfrog (D:6)
  A wight (D:5)
  2 hounds
  3 orc priests (D:6)
  2 iguanas
  3 orc wizards
  8 adders
  3 gnolls (D:5)
  A shadow imp (D:6)
  A white imp (D:5)
  A worm (D:5)
  2 dart slugs
  17 orcs
  8 ball pythons
  5 bats
  4 endoplasms
  4 giant cockroaches
  9 goblins
  9 hobgoblins
  11 jackals
  3 kobolds
  A quokka (D:2)
  4 frilled lizards
  3 rats
115 creatures vanquished.

Vanquished Creatures (others)
  2 plants (D:1)
  2 withered plants (D:2)
4 creatures vanquished.

Grand Total: 119 creatures vanquished

Notes
Turn   | Place    | Note
-------+----------+-------------------------------------------
     0 | D:1      | HolyTactitian the Minotaur Berserker began the quest for
                  | the Orb.
     0 | D:1      | Reached XP level 1. HP: 19/19 MP: 0/0
   421 | D:1      | Reached skill level 4 in Polearms
   421 | D:1      | Reached XP level 2. HP: 27/27 MP: 1/1
   611 | D:1      | Reached XP level 3. HP: 33/33 MP: 2/2
   923 | D:1      | Found Feilan's Antique Armour Emporium.
  1496 | D:2      | Reached ** piety under Trog
  1545 | D:2      | Found a faded altar of an unknown god.
  1579 | D:2      | Reached XP level 4. HP: 41/41 MP: 3/3
  1884 | D:3      | Reached skill level 5 in Polearms
  2599 | D:4      | You are sucked into a shaft and drop 1 floor!
  2599 | D:5      | Entered Level 5 of the Dungeon
  2650 | D:4      | Reached XP level 5. HP: 47/47 MP: 4/4
  2966 | D:4      | Found a staircase to the Ecumenical Temple.
  2989 | Temple   | Entered the Ecumenical Temple
  3130 | D:4      | Reached skill level 5 in Fighting
  3499 | D:5      | Noticed an ogre
  3510 | D:5      | Killed an ogre
  3510 | D:5      | Reached *** piety under Trog
  3511 | D:5      | Reached XP level 6. HP: 45/56 MP: 5/5
  3630 | D:5      | Reached skill level 6 in Polearms
  3687 | D:5      | Noticed Pikel
  3760 | D:5      | Killed Pikel
  3761 | D:5      | Reached skill level 7 in Polearms
  3761 | D:5      | Reached skill level 5 in Armour
  3761 | D:5      | Reached skill level 1 in Stealth
  3761 | D:5      | Reached XP level 7. HP: 50/63 MP: 6/6
  3818 | D:5      | Reached XP level 8. HP: 51/70 MP: 7/7
  4051 | D:5      | Reached skill level 1 in Maces & Flails
  4188 | D:5      | Reached skill level 5 in Dodging
  4340 | D:6      | Reached skill level 8 in Polearms
  4507 | D:6      | HP: 1/73 [something/magic dart (4)]
  4508 | D:6      | Slain by an orc wizard

Illustrated notes

Levels and vault maps discovered:
D:1:      minmay_arrival_plants_in_alcoves, layout_basic, serial_shops, shop
D:2:      layout_basic, ebering_ecumenical_altar_petrified
D:3:      layout_basic
D:4:      layout_loops_ring, temple_hall
D:5:      layout_loops_ring, minmay_increasing_density, uniq_pikel
D:6:      layout_loops_ring, nicolae_specific_store
Temple:   hellmonk_temple_of_storms

Skill      XL: |  1  2  3  4  5  6  7  8 |
---------------+-------------------------+-----
Polearms       | 4 5 7 8 |  8.0
Fighting       | 4 5 6 7 |  7.1
Armour         | 3 5 6 7 |  7.2
Dodging        | 3 4 5 |  5.2
Stealth        | 1 |  1.3
Maces & Flails | 3 |  3.7

Action                   |  1- 3 |  4- 6 |  7- 9 || total
-------------------------+-------+-------+-------++-------
Melee: Spear             |   109 |   117 |       ||   226
       Headbutt          |    11 |    19 |    24 ||    54
       Punch             |     1 |     2 |       ||     3
       Whip              |       |       |   134 ||   134
 Fire: Shortbow          |       |       |     1 ||     1
Throw: Stone             |     2 |       |       ||     2
Invok: Berserk           |     1 |       |     1 ||     2
       Trog's Hand       |       |       |     1 ||     1
  Use: Scroll            |     2 |     2 |     5 ||     9
Armor: Ring mail         |    48 |    49 |    91 ||   188
Dodge: Dodged            |    62 |    59 |    68 ||   189
